 Dungeon Crawl Stone Soup version 0.31-a0-977-gc230f8ef24 (webtiles) character file.

Game seed: 7354976465815860068

193 Forgeling the Trooper (level 5, -2/64 HPs)
             Began as a Demonspawn Gladiator on Oct 30, 2023.
             Slain by an orc wizard
             ... wielding a +0 dagger
              (4 damage)
             ... on level 3 of the Dungeon.
             The game lasted 00:04:35 (1350 turns).

Forgeling the Trooper (Demonspawn Gladiator)        Turns: 1350, Time: 00:04:36

Health: -2/64      AC:  3    Str: 15    XL:     5   Next: 44%
Magic:  5/5        EV: 12    Int:  9    God:
Gold:   76         SH:  0    Dex: 16    Spells: 4/4 levels left

rFire   . . .        a - +0 war axe
rCold   . . .        (no shield)
rNeg    . . .        b - +0 leather armour
rPois   .            (helmet restricted)
rElec   .            (no cloak)
rCorr   .            (no gloves)
SInv    .            (no boots)
Will    .....        (no amulet) Stlth
                     (no ring)
HPRegen 0.30/turn    (no ring)
MPRegen 0.09/turn

%: no passive effects
@: berserking (expiring), very quick
A: antennae 1, sturdy frame 1, demonic magic 1
a: no special abilities


You were on level 3 of the Dungeon.
You visited 1 branch of the dungeon, and saw 3 of its levels.

You collected 76 gold pieces.

Inventory:

Hand Weapons
 a - a +0 war axe (weapon)
Missiles
 d - 2 boomerangs
 u - a throwing net (quivered)
 w - a javelin
Armour
 b - a +0 leather armour (worn)
 c - a +0 helmet
 h - an orb of mayhem
Wands
 j - a wand of polymorph (11)
Scrolls
 f - 2 scrolls of amnesia {unknown}
 g - 2 scrolls of poison {unknown}
 i - a scroll of enchant weapon {unknown}
 k - a scroll of revelation {unknown}
 Z - 2 scrolls of identify {@r1}
Potions
 H - a potion of haste
 U - a potion of mutation


   Skills:
 + Level 4.7 Fighting
 - Level 4.0 Axes
 - Level 1.7 Throwing
 - Level 2.6 Dodging


You had 4 spell levels left.
You didn't know any spells.
Your spell library was empty.

Dungeon Overview and Level Annotations

Branches:
Dungeon (3/15)

Altars:

Shops:
D:2 *


Innate Abilities, Weirdness & Mutations

You have a pair of small antennae on your head.
Your movements are slightly less encumbered by armour. (ER -2)
Spells you cast may paralyse adjacent enemies.


Message History

* * * LOW HITPOINT WARNING * * *
You miss something. You closely miss the orc.
You feel less invigorated.
You feel less confused.
You hear some strange, mumbled words.
A puff of flame appears from out of thin air!
The puff of flame hits you!
* * * LOW HITPOINT WARNING * * *
You barely miss something. You slash the orc!
You kill the orc!
Something hits you.
* * * LOW HITPOINT WARNING * * *
The orc priest looks braver for a moment.
You miss something. Something hits you.
* * * LOW HITPOINT WARNING * * *
You closely miss something. You hit the orc priest.
You barely miss the orc priest.
The orc priest is moderately wounded.
You closely miss something. Something hits you.
* * * LOW HITPOINT WARNING * * *
You slash the orc priest!
The orc priest is severely wounded.
You barely miss something. The orc priest hits you with a +0 whip.
* * * LOW HITPOINT WARNING * * *
You slash the orc priest!
You kill the orc priest!
You hit something.
An orc wizard appears from thin air!
Reactivating autopickup.
The orc wizard hits you with a +0 dagger.
* * * LOW HITPOINT WARNING * * *
You closely miss the orc wizard.
The orc wizard is moderately wounded.
The orc wizard hits you with a +0 dagger.
* * * LOW HITPOINT WARNING * * *
You hit the orc wizard.
The orc wizard is heavily wounded.
The orc wizard points at you and mumbles some strange words.
You closely miss the orc wizard.
The orc wizard is heavily wounded.
The orc wizard hits you with a +0 dagger.
You die...

### ..# #.# #.# #.##
#######
####..######.....#
#o......)o##.....#
#....#######@##.....#
+..o #...>....# #..
#.##.....#


oo. #.##.....## .o #.##......# . #.##.####.# #.##.# .# #.##.# . #.##.# You could
see an orc wizard.

Vanquished Creatures
  Pargi (D:3)
  An orc priest (D:3)
  3 adders (D:2)
  A worm (D:2)
  3 orcs (D:3)
  7 ball pythons
  3 bats
  2 endoplasms
  2 giant cockroaches
  3 goblins
  3 hobgoblins
  3 jackals (D:1)
  3 kobolds
  2 quokkas
  A frilled lizard (D:1)
  A rat (D:2)
39 creatures vanquished.

Notes
Turn   | Place    | Note
-------+----------+-------------------------------------------
     0 | D:1      | Forgeling the Demonspawn Gladiator began the quest for the
                  | Orb.
     0 | D:1      | Reached XP level 1. HP: 16/16 MP: 1/1
    75 | D:1      | You fall into a shaft and drop 1 floor!
    89 | D:2      | Gained mutation: Your movements are slightly less
                  | encumbered by armour. (ER -2) [demonic ancestry]
    89 | D:2      | Reached XP level 2. HP: 18/22 MP: 2/2
   209 | D:1      | Reached XP level 3. HP: 27/27 MP: 3/3
   633 | D:2      | Found Biastyof's Assorted Antiques.
  1136 | D:3      | Noticed Pargi
  1147 | D:3      | Killed Pargi
  1148 | D:3      | Gained mutation: Spells you cast may paralyse adjacent
                  | enemies. [demonic ancestry]
  1148 | D:3      | Reached XP level 4. HP: 27/37 MP: 4/4
  1148 | D:3      | Gained mutation: You have a pair of small antennae on your
                  | head. [demonic ancestry]
  1148 | D:3      | Reached XP level 5. HP: 31/42 MP: 5/5
  1347 | D:3      | HP: 3/64 [orc wizard/+0 dagger (3)]
  1350 | D:3      | Slain by an orc wizard

Illustrated notes

Levels and vault maps discovered:
D:1:      zaba_arrival_water, layout_basic, grunt_decor_one_mirror, minivault_5
D:2:      layout_basic, serial_shops, nicolae_shop_overgrown_old_shop,
          due_unseen_surprise
D:3:      layout_basic, lemuel_crystal_altar,
          hellmonk_ecumenical_altar_slurped_away, grunt_decor_fettered,
          supply_closet_lemuel, minmay_misc_feat_more_columns, chequers_jeans,
          uniq_pargi, uniq_jessica

Skill      XL: |  1  2  3 |
---------------+----------+-----
Axes           | 3 4 |  4.0
Fighting       | 4 |  4.7
Throwing       | |  1.7
Dodging        | |  2.6

Action                     |  1- 3 |  4- 6 || total
---------------------------+-------+-------++-------
  Melee: War axe           |    94 |    18 ||   112
         Punch             |     1 |       ||     1
  Throw: Boomerang         |     2 |       ||     2
         Throwing net      |     2 |       ||     2
    Use: Scroll            |     2 |       ||     2
         Potion            |       |     2 ||     2
   Stab: Sleeping          |     2 |       ||     2
         Held in net/web   |     4 |       ||     4
 Armour: Leather armour    |    60 |    23 ||    83
  Dodge: Dodged            |    75 |     9 ||    84

Table legend: (Time is in decaauts)
 A = Elapsed time spent in this place.
 B = Non-inter-level travel time spent in this place.
 C = Inter-level travel time spent in this place.
 D = Time resting spent in this place.
 E = Time spent auto-exploring this place.
 F = Levels seen in this place.
 G = Mean time per level.
                   A        B        C        D        E       F      G
               +--------+--------+--------+--------+--------+-----+--------+
         Total |   1386 |   1300 |     86 |      0 |    999 |   3 |  462.0 |
       Dungeon |   1386 |   1300 |     86 |      0 |    999 |   3 |  462.0 |
               +--------+--------+--------+--------+--------+-----+--------+

Top non-repeatable levels by time:
     D:1: 615 daAuts
     D:2: 542 daAuts
     D:3: 229 daAuts
